 Dungeon Crawl Stone Soup version 0.29-a0-872-g797fff5ad1 (webtiles) character file.

Game seed: 11307786261973721376

119 Destapler the Ducker (level 4, -2/67 HPs)
             Began as a Troll Berserker on July 18, 2022.
             Was a Believer of Trog.
             Slain by a hornet (3 damage)
             ... on level 4 of the Dungeon.
             The game lasted 00:04:42 (2483 turns).

Destapler the Ducker (Troll Berserker)              Turns: 2483, Time: 00:04:43

Health: -2/67      AC:  4    Str: 27    XL:     4   Next: 74%
Magic:  3/3        EV: 10    Int:  3    God:    Trog [**....]
Gold:   214        SH:  0    Dex:  9    Spells: 3/3 levels left

rFire   . . .      SeeInvis .   (no weapon)
rCold   . . .      Faith    .   (no shield)
rNeg    . . .      Spirit   .   b - +0 animal skin
rPois   .          Reflect  .   (helmet restricted)
rElec   .          Harm     .   (no cloak)
rCorr   .          Rampage  .   (gloves unavailable)
Will    +....                   (boots unavailable)
Stlth   ..........              a - amulet of regeneration
HPRegen 1.81/turn               o - ring of willpower
MPRegen 0.08/turn               (no ring)

@: berserking, lethally poisoned (-2 -> -3), slowed
A: large, unfitting armour, claws 3, regeneration 1, shaggy fur 1, tough skin 1
a: Renounce Religion, Berserk, Trog's Hand


You were on level 4 of the Dungeon.
You worshipped Trog.
Trog was pleased with you.
You visited 1 branch of the dungeon, and saw 4 of its levels.

You collected 214 gold pieces.

Inventory:

Hand Weapons
 r - a +0 mace
 s - a +0 hand axe of venom
Missiles
 y - 4 silver javelins (quivered)
Armour
 b - a +0 animal skin (worn)
Jewellery
 a - an amulet of regeneration (around neck)
 k - an amulet of magic regeneration
 o - a ring of willpower (left claw)
Wands
 u - a wand of charming (8)
Scrolls
 e - a scroll of fog {unknown}
 f - a scroll of brand weapon {unknown}
 g - 2 scrolls of poison {unknown}
 j - 2 scrolls of torment {unknown}
 l - 2 scrolls of amnesia {unknown}
 n - 3 scrolls of noise {unknown}
 p - a scroll of teleportation {unknown}
 q - a scroll of immolation {unknown}
 t - 2 scrolls of identify {unknown}
 w - 2 scrolls of enchant weapon {unknown}
 x - a scroll of magic mapping {unknown}
Potions
 c - 3 potions of attraction {unknown}
 d - a potion of magic {unknown}
 h - a potion of flight {unknown}
 i - 3 potions of heal wounds {unknown}
 m - a potion of degeneration {unknown}
 v - 3 potions of lignification {unknown}
 z - a potion of curing {unknown}


   Skills:
 + Level 3.5 Fighting
 + Level 2.8 Maces & Flails
 + Level 0.3 Throwing
 + Level 3.5 Dodging
 + Level 0.2 Evocations


You had 3 spell levels left.
You didn't know any spells.
Your spell library contained the following spells:

 Spells                   Type           Power      Damage    Failure   Level
 Blink                    Tloc           0%         N/A       67%         2
 Lesser Beckoning         Tloc           0%         N/A       88%         3
 Manifold Assault         Tloc           0%         N/A       100%        5


Dungeon Overview and Level Annotations

Branches:
Dungeon (4/15)
 Temple: D:4-7

Altars:
Qazlal

Shops:
D:1 :


Innate Abilities, Weirdness & Mutations

You are too large for most types of armour.
You have claws for hands.
Your natural rate of healing is unusually fast.
You are covered in fur. (AC +1)
You have tough skin. (AC +1)


Message History

You claw the hound!
You kill the hound!
Trog accepts your kill.
HP restored.
Found a stone staircase leading down.
Found a stone staircase leading up.
c - 3 glowing amethyst potions (gained 1)
You now have 203 gold pieces (gained 12).
Found a stone staircase leading down.
You now have 214 gold pieces (gained 11).
A hornet comes into view.
The hornet buzzes angrily.
A hornet is nearby!
The hornet stings you.
You feel yourself slow down. The hornet stings you!
You are poisoned.
You suddenly lose the ability to move!
You feel yourself speed up.
You feel very sick. The hornet stings you!
You feel yourself slow down.
You feel very sick. The hornet stings you.
* * * LOW HITPOINT WARNING * * *
You are more poisoned.
You feel as though you will be slow longer.
The hornet stings you!
* * * LOW HITPOINT WARNING * * *
You feel as though you will be slow longer.
You can move again.
A red film seems to cover your vision as you go berserk!
You feel yourself moving faster!
You feel mighty!
* * * LOW HITPOINT WARNING * * *
You feel very sick.
The hornet stings you but does no damage.
The hornet closely misses you.
Unknown command.
Unknown command.
You closely miss the hornet.
* * * LOW HITPOINT WARNING * * *
You feel sick. The hornet stings you.
You die...

....................
.##########..###..####
.# #..#....... ##
#..#.#..# #>......#
####.#..####...
#.#.........
###.#.####..?.
#....@.......#
#...#y......#
#...........#
#.......###.#
#.......## #
#.......## #...###.#
..# #.#


You could see a hornet.

Vanquished Creatures
  A hound (D:4)
  A gnoll (D:1)
  2 adders (D:3)
  6 orcs (D:3)
  7 endoplasms
  4 goblins (D:1)
  4 hobgoblins
  2 jackals (D:1)
  5 kobolds
  3 ball pythons
  5 bats
  15 frilled lizards
  4 rats
59 creatures vanquished.

Vanquished Creatures (others)
  5 plants (D:1)
5 creatures vanquished.

Grand Total: 64 creatures vanquished

Notes
Turn   | Place    | Note
-------+----------+-------------------------------------------
     0 | D:1      | Destapler the Troll Berserker began the quest for the Orb.
     0 | D:1      | Reached XP level 1. HP: 22/22 MP: 0/0
   357 | D:1      | Found Xunk's Book Emporium.
   405 | D:1      | Reached XP level 2. HP: 29/29 MP: 1/1
   756 | D:1      | Reached XP level 3. HP: 23/37 MP: 2/2
  1036 | D:2      | Reached ** piety under Trog
  1132 | D:2      | Found a stormy altar of Qazlal.
  1240 | D:2      | Found a faded altar of an unknown god.
  1708 | D:3      | Reached XP level 4. HP: 45/45 MP: 3/3
  2477 | D:4      | Noticed a hornet
  2479 | D:4      | Paralysed by a hornet for 3 turns
  2481 | D:4      | HP: 2/45 [hornet (16)]
  2483 | D:4      | Slain by a hornet

Illustrated notes

Levels and vault maps discovered:
D:1:      dpeg_arrival_water_fire, layout_basic, serial_shops,
          nicolae_shop_behind_doors, minmay_stone_trees_small,
          minmay_lizard_king
D:2:      layout_rooms, basic_altar, basic_ecumenical_altar,
          dreamdust_princess_bridge
D:3:      layout_loops_cross
D:4:      layout_loops_cross, mainiacjoe_overflow_small_starburst,
          hangedman_decor_growths, palyth_stone_intersect,
          kennysheep_generic_room_6

Skill      XL: |  1  2 |
---------------+-------+-----
Dodging        | 3 |  3.5
Fighting       | 3 |  3.5
Maces & Flails | |  2.8
Throwing       | |  0.3
Evocations     | |  0.2

Action                   |  1- 3 |  4- 6 || total
-------------------------+-------+-------++-------
Melee: Unarmed           |   158 |    57 ||   215
Invok: Berserk           |     3 |     1 ||     4
Armor: Animal skin       |    46 |    26 ||    72
Dodge: Dodged            |    60 |    30 ||    90

Table legend: (Time is in decaauts)
 A = Elapsed time spent in this place.
 B = Non-inter-level travel time spent in this place.
 C = Inter-level travel time spent in this place.
 D = Time resting spent in this place.
 E = Time spent auto-exploring this place.
 F = Levels seen in this place.
 G = Mean time per level.
                   A        B        C        D        E       F      G
               +--------+--------+--------+--------+--------+-----+--------+
         Total |   2516 |   2397 |    119 |    104 |   1871 |   4 |  629.0 |
       Dungeon |   2516 |   2397 |    119 |    104 |   1871 |   4 |  629.0 |
               +--------+--------+--------+--------+--------+-----+--------+

Top non-repeatable levels by time:
     D:1: 984 daAuts
     D:3: 866 daAuts
     D:2: 530 daAuts
     D:4: 134 daAuts
